[Event "3rd Sharjah Challengers 2023"]
[Site "Sharjah"]
[Date "2023.05.22"]
[Round "6.7"]
[White "Badelka, Olga"]
[Black "Lim, Zhuo Ren"]
[Result "1-0"]
[ECO "B30"]
[WhiteElo "2406"]
[BlackElo "2294"]
[Annotator "TA"]
[PlyCount "79"]
[EventDate "2023.05.16"]
[EventType "swiss"]
[EventCountry "UAE"]
[SourceTitle "playchess.com"]
[Source "ChessBase"]
[SourceQuality "1"]
[TimeControl "5400+30"]

1. e4 c5 2. Nc3 Nc6 3. Nf3 e5 4. Bc4 d6 5. d3 Be7 6. a4 {[%emt 0:00:08] B30: Sicilian: 2...Nc6 3 Bb5, lines without ...g6.} Nf6 7. Bg5 O-O 8. Bxf6 {[%emt 0:00:06] The position is equal.} Bxf6 9. Nd5 Be6 10. c3 g6 11. h4 {[%emt 0:03:19] [#]} Bg7 $146 ({Predecessor:} 11... h5 12. Ne3 Qd7 13. Ng5 Kg7 14. Nxe6+ fxe6 15. g4 Rh8 16. Rg1 Kf7 17. Qf3 Ke7 18. gxh5 gxh5 {1-0 Titichoca Daza,D (2189)-Ferrufino,B (1940) Oruro op 8th 2022 (3)}) 12. h5 Ne7 13. hxg6 hxg6 14. Qb3 {[%emt 0:03:38] White has more active pieces.} Nxd5 15. Bxd5 Qe7 16. Bxe6 (16. Qxb7 Qxb7 17. Bxb7 Rab8 $17) 16... fxe6 {[%emt 0:04:17] Black is weak on the light squares} 17. Rh3 Bf6 18. a5 Kg7 19. a6 Rab8 20. O-O-O bxa6 21. Qa2 Rh8 22. Rxh8 Rxh8 23. Qxa6 g5 24. g4 Qd7 25. Kc2 Bd8 26. Nd2 ({But not} 26. Ra1 Bb6 $11) 26... Rh2 27. f3 Bb6 28. Kc1 Qf7 (28... Kg6 {seems wilder.} 29. Re1 Kf6 30. Nc4 Kg6) 29. Qa4 d5 (29... Qb7 $11 {remains equal.}) 30. exd5 (30. Qc6 {with more complications.} d4 31. Qd6 Kf6 32. f4) 30... exd5 31. Qc6 Rh6 32. Qc8 Rh8 {[%emt 0:00:17] [#]} 33. Qa6 Rh2 34. c4 d4 (34... Qd7 $16 {is a better defense.}) 35. Ne4 $18 Qxf3 {[%emt 0:05:06] [#]} (35... Rh8 $142 36. Qb5 (36. Nxg5 Qf4+ 37. Kb1 Qxg5 $17) 36... Qe8) 36. Qb7+ $1 Kf8 $2 (36... Qf7 37. Qb8 Qc7) 37. Qd7 $2 (37. Qb8+ $18 {is the precise move to win.} Ke7 38. Qxe5+ (38. Nxg5 Qf4+ 39. Kb1 Qxg5 $11) 38... Kd8 39. Qd6+ (39. Nxc5 Qe3+ 40. Qxe3 dxe3 $11) (39. Nxg5 Qf2 $11) 39... Ke8 40. Qxh2 Qf4+ 41. Qxf4 gxf4 42. Rf1) 37... Qf4+ $2 (37... Qe2 $16 38. Qd6+ Kf7 39. Qf6+ Ke8 40. Qxe5+ (40. Nxg5 $2 Qxb2#) 40... Kd7 41. Qf5+ (41. Nxc5+ Bxc5 42. Qf5+ Kd8 $11) 41... Ke8) 38. Kb1 {[%emt 0:00:07] Nd6 would be deadly.} Rh6 39. Nd6 Rf6 40. Rh1 {[%emt 0:01:07] Artfully played by Badelka.   Weighted Error Value: White=0.17 (very precise) /Black=0.45} 1-0

[Event "3rd Sharjah Challengers 2023"]
[Site "Sharjah"]
[Date "2023.05.22"]
[Round "6.8"]
[White "Ahmad, Al Khatib"]
[Black "Haznedaroglu, Kivanc"]
[Result "*"]
[ECO "E10"]
[WhiteElo "2344"]
[BlackElo "2418"]
[Annotator "TA"]
[PlyCount "128"]
[EventDate "2023.05.16"]
[EventType "swiss"]
[EventCountry "UAE"]
[SourceTitle "playchess.com"]
[Source "ChessBase"]
[SourceQuality "1"]
[TimeControl "5400+30"]

1. d4 Nf6 2. c4 e6 3. Nf3 Nc6 4. a3 d5 5. Nc3 Be7 6. Bf4 {[%emt 0:16:59] E10: Blumenfeld Gambit.} a6 7. e3 O-O 8. h3 {[%emt 0:00:35] White is slightly better.} (8. Qc2 {looks sharper.} Nh5 9. Be5 g6 10. Rd1) 8... dxc4 9. Bxc4 b5 10. Bd3 Bb7 11. O-O h6 12. Qc2 {[%emt 0:23:37] [#]} Bd6 $146 ({Predecessor:} 12... Qd7 13. Rfd1 Nd5 14. Nxd5 exd5 15. Bh7+ Kh8 16. Bf5 Qd8 17. e4 dxe4 18. Bxe4 Bd6 19. Bxd6 Qxd6 {1-0 Batchelor,P (2327)-Starley,R (2045) GRB-ch Universities 2017 (4.2)}) 13. Ne5 Ne7 14. Ne4 {[%emt 0:04:01] White is more active.} Nxe4 15. Bxe4 Bxe4 16. Qxe4 Nd5 17. Rac1 a5 18. Nd3 b4 19. Bxd6 cxd6 20. Nf4 Nxf4 21. exf4 d5 22. Qe5 bxa3 23. bxa3 Qd7 24. Rc7 Qa4 25. Rfc1 Qxa3 26. R1c3 ({White should try} 26. f5 $11 exf5 27. R1c3 Qa1+ 28. Kh2) 26... Qa1+ 27. Kh2 $1 Qb1 $1 (27... g6 $2 28. f5 $18) 28. Rg3 {[%emt 0:00:37][%csl Gg3][%cal Re5g7] [#]} g6 29. h4 {[%emt 0:01:33] Intending h5 and mate.} Qf5 (29... Rac8 $15) 30. Qxf5 $11 exf5 {[%emt 0:00:01][%mdl 4096] Endgame KRR-KRR} 31. Ra3 Rfe8 ({Black should play} 31... a4 $17) 32. Rc5 {[%emt 0:01:13] Repels} Re2 33. Kg3 a4 34. Rxd5 Rb8 35. Ra5 Rb3+ 36. Rxb3 axb3 {[%emt 0:00:01] KR-KR} 37. Rb5 b2 38. Kf3 Rc2 39. Ke3 Kf8 40. Rb7 Ke8 41. g3 Kd8 42. d5 Kc8 43. Rb3 Kd7 44. Kd4 {[%emt 0:00:26] Prevents Rc3} Rxf2 45. Ke5 Re2+ 46. Kf6 Kd6 47. Rb5 Rg2 48. Kxf7 Rxg3 {[%emt 0:00:21] Strongly threatening ...Rg2.} 49. Rxb2 Kxd5 {[%emt 0:00:25] ...Ke4 would be deadly.} 50. h5 gxh5 51. Re2 {[%emt 0:00:26][%mdl 8192] [#]} (51. Kf6 $11) 51... h4 $2 (51... Rg4 $1 $19 52. Re5+ Kd4 53. Rxf5 h4) 52. Kf6 {[%emt 0:00:16] The position is equal.} h3 53. Kxf5 h5 {[%emt 0:01:23] aiming for ...Kd4.} 54. Rd2+ Kc4 55. Ke4 Rg2 56. Rd4+ Kc5 {[%emt 0:01:49] And now ...Re2+ would win.} 57. Rd5+ Kc6 {[%emt 0:00:03] ...Re2+ is the strong threat.} 58. Rxh5 h2 59. Kf5 Kd6 60. Kf6 Rf2 61. f5 Kd5 62. Rh4 Kd6 63. Rd4+ Kc5 64. Rh4 Kd6 {[%emt 0:00:04] Weighted Error Value: White=0.18 (very precise) /Black=0.21 (precise)} *

[Event "3rd Sharjah Challengers 2023"]
[Site "Sharjah"]
[Date "2023.05.22"]
[Round "6.9"]
[White "Tissir, Mohamed"]
[Black "Bai, Adelard"]
[Result "1/2-1/2"]
[ECO "C54"]
[WhiteElo "2354"]
[BlackElo "2409"]
[Annotator "TA"]
[PlyCount "44"]
[EventDate "2023.05.16"]
[EventType "swiss"]
[EventCountry "UAE"]
[SourceTitle "playchess.com"]
[Source "ChessBase"]
[SourceQuality "1"]
[TimeControl "5400+30"]

1. e4 e5 2. Nf3 Nc6 3. Bc4 Nf6 4. d3 Bc5 5. O-O d6 6. c3 O-O 7. h3 h6 8. Re1 Re8 {[%emt 0:06:19] 8...Bb6 is setting a new trend. C54: Giuoco Piano: 4 c3 Nf6, main lines with 5 d4 and 5 d3.} 9. Nbd2 (9. b4 $5 Bb6 $8 10. Nbd2 $11) 9... a6 10. Bb3 Be6 11. Nf1 d5 12. Ng3 dxe4 13. dxe4 Qxd1 14. Rxd1 Rad8 15. Rxd8 Rxd8 {[%emt 0:00:26] [#]} 16. Kf1 $146 ({Predecessor:} 16. Bd2 Bxb3 17. axb3 a5 18. c4 b6 19. Bc3 Bd4 20. Bxd4 Nxd4 21. Nxd4 Rxd4 22. f3 {0-1 Gutla,A (1910)-Safarli,E (2598) North American Blitz op 30th 2020 (1)}) 16... Bd7 17. a4 Kf8 18. Ke2 Ke7 19. Nh4 Bb6 20. Nf3 Be6 21. Bxe6 Kxe6 22. Nd2 a5 {[%emt 0:03:58] Not much happened in this game.   Weighted Error Value: White=0.10 (very precise) /Black=0.10 (very precise)} 1/2-1/2

[Event "3rd Sharjah Challengers 2023"]
[Site "Sharjah"]
[Date "2023.05.23"]
[Round "7.1"]
[White "Fawzy, Adham"]
[Black "Sibashvili, Giorgi"]
[Result "1/2-1/2"]
[ECO "B44"]
[WhiteElo "2495"]
[BlackElo "2408"]
[Annotator "TA"]
[PlyCount "89"]
[EventDate "2023.05.16"]
[EventType "swiss"]
[EventCountry "UAE"]
[SourceTitle "playchess.com"]
[Source "ChessBase"]
[SourceQuality "1"]
[TimeControl "5400+30"]

1. e4 {[%emt 1:31:00] ChessBase II} c5 2. Nf3 e6 3. c4 Nc6 4. d4 cxd4 5. Nxd4 Nf6 6. Nc3 Bb4 7. a3 {[%emt 0:00:30] B44: Sicilian: Taimanov: 5 Nb5.} (7. Nxc6 $11 bxc6 8. Bd3) 7... Bxc3+ $15 8. bxc3 Qa5 $1 (8... Nxe4 9. Qg4 Nxd4 10. cxd4 Qa5+ 11. Ke2 $11) 9. Nb3 {[%emt 0:00:30] Black is slightly better.} Qxc3+ 10. Bd2 Qe5 11. Bd3 {[%emt 0:00:30] [#]} d5 $146 (11... Nxe4 $15 12. f4 Qf5) ({Predecessor:} 11... Nxe4 12. f4 Qf5 13. g4 Qg6 14. f5 exf5 15. Qe2 d5 16. cxd5 Ne5 17. Bb5+ Kf8 {1-0 Gershkovich,E-Bannik,A URS-chT Republics 01st final 1948 (6)}) 12. f4 $11 Qc7 13. cxd5 exd5 14. e5 Ne4 {[%emt 0:00:30] Threatens to win with ...Qb6.} 15. Be3 {[%emt 0:00:30] Against Qb6} O-O 16. O-O f6 17. Nc5 fxe5 18. Qb3 Nf6 {[%emt 0:00:30] Strongly threatening ...Kh8.} (18... exf4 $2 19. Qxd5+ Kh8 20. Bxe4 $18) 19. Rac1 {[%emt 0:00:30] [#]} (19. fxe5 $15 Nxe5 20. Rac1) 19... Qf7 (19... Rf7 $1 $17 {White must now prevent ...e4.} 20. fxe5 Qxe5) 20. fxe5 Nxe5 21. Bb1 {[%emt 0:00:30] A strong pair of Bishops.} (21. Bd4 $11 Nc6 22. Bb2) 21... b6 22. Bd4 Nc6 (22... bxc5 $17 23. Bxe5 c4) 23. Bxf6 gxf6 24. Nd3 Na5 25. Qd1 {[%emt 0:00:30][%mdl 1024] White has compensation.} (25. Qb4 {keeps more tension.} Ba6 26. Qh4 f5 27. Rf3) 25... Nc4 26. Rf4 Kh8 (26... Nxa3 27. Ne5 Qe7 28. Bxh7+ Kg7 29. Rxc8 (29. Ng6 Qe3+ 30. Kh1 Rf7 $11) 29... Qxe5 30. Qg4+ Kxh7 31. Qd7+ Kg6 32. Rc7 (32. Qg4+ $2 Qg5 $19)) 27. Nb4 Be6 (27... Nxa3 28. Bxh7 Qxh7 29. Nxd5 $16) 28. Qd4 {[%emt 0:00:30] [#] Rh4 would be deadly.} Qg7 (28... Ne5 $1 $15 29. Rh4 (29. Rcf1 Qg7 $17) 29... Ng6 30. Bxg6 Qxg6) 29. Bf5 ({White should play} 29. Bxh7 $1 $11 Kxh7 30. Nxd5) 29... Bxf5 30. Rxf5 Rad8 (30... Qh6 $15 31. Rc3 Ne5) 31. Rcf1 (31. Nxd5 $11 b5 32. Qc3) 31... Rd6 (31... Rg8 $15 32. g3 Ne5) 32. Rxd5 Rxd5 33. Nxd5 Rg8 34. g3 {[%emt 0:00:30] Active counter play!} (34. Qxc4 $2 Qxg2#) ({But not} 34. Qxf6 Nxa3 35. Qxg7+ Kxg7 $15) 34... Ne5 35. Nxf6 Ng4 {[%emt 0:00:30][%cal Og4h2] Hoping for ...Nxh2!} 36. Qd6 $2 (36. Rf4 $11 {and White has nothing to worry.} Nxf6 37. Rxf6) 36... Nxf6 $2 (36... Qh6 $19 37. h3 Qe3+ 38. Kh1 Qe2 39. Nxg4 Qxf1+ 40. Kh2 Qe2+ 41. Kg1 Qb2) 37. Rxf6 $19 {[%emt 0:00:30][%mdl 4096] Endgame KQR-KQR. The position is equal.} Qg5 38. Rf7 {[%emt 0:00:30] aiming for Qd4+.} Rd8 (38... Qc1+ {with more complications.} 39. Kg2 Qc2+ 40. Kh3 Qc8+) 39. Rf8+ Rxf8 40. Qxf8+ $11 {[%emt 0:00:30] KQ-KQ} Qg8 41. Qf6+ Qg7 42. Qd8+ Qg8 43. Qc7 Qa8 44. h4 Qe8 45. Qxa7 {[%emt 0:00:30] Weighted Error Value: White=0.32/Black=0.31} 1/2-1/2

[Event "3rd Sharjah Challengers 2023"]
[Site "Sharjah"]
[Date "2023.05.23"]
[Round "7.2"]
[White "Nigmatov, Ortik"]
[Black "Sivuk, Vitaly"]
[Result "1-0"]
[ECO "B12"]
[WhiteElo "2438"]
[BlackElo "2489"]
[Annotator "TA"]
[PlyCount "57"]
[EventDate "2023.05.16"]
[EventType "swiss"]
[EventCountry "UAE"]
[SourceTitle "playchess.com"]
[Source "ChessBase"]
[SourceQuality "1"]
[TimeControl "5400+30"]

1. e4 c6 2. d4 d5 3. e5 Bf5 4. Nf3 e6 5. Be2 Nd7 6. O-O a5 {[%emt 0:00:09] B12: Caro-Kann: Advance Variation.} 7. a4 f6 8. Bd3 Bxd3 {[%emt 0:05:10] White is slightly better.} 9. Qxd3 fxe5 {[%emt 0:00:44] [#]} 10. dxe5 $146 ({Predecessor:} 10. Ng5 Qf6 11. dxe5 Nxe5 12. Qb3 Kd7 13. Nxh7 Nf3+ 14. Kh1 Qh4 15. Qxf3 Rxh7 16. Bf4 {1-0 Pasztor,B (2387)-Andreev,S (2016) EU-ch 23rd Vrnjacka Banja 2023 (4)}) 10... Bc5 11. Nbd2 (11. Ng5 {seems wilder.} Qe7 12. Qh3 Nf8 13. c4) 11... Nh6 12. Nb3 Qe7 (12... Nf5 $11 {keeps the balance.}) 13. Bg5 $16 {[%emt 0:07:01] White is more active. White stays focused until the end.} Qf7 14. Nxc5 Nxc5 {[%emt 0:00:08] Black is weak on the dark squares} 15. Qe3 $36 {[%emt 0:00:04][%csl LRc5,LRh6][%mdl 2048] White is in control.} Qf8 {[%emt 0:01:25] [#]} (15... Ne4 $16 {was necessary.}) 16. Bxh6 $1 $18 gxh6 17. Nd4 O-O-O (17... Qe7 $16 18. Qxh6 Rg8) 18. c3 {[%emt 0:04:33][%cal Bc2c3,Bc3c4,Bc4d5,Bd5e6][%mdl 32] Hoping for b4.} Qg7 {[%emt 0:17:17] [#]} 19. Nxc6 $1 {[%emt 0:10:15][%mdl 576] Discovered Attack, Double Attack} Rdg8 (19... bxc6 20. Qxc5) 20. g3 (20. Nxa5 $2 Qxg2#) 20... Ne4 21. Na7+ Kd7 22. Qd4 h5 (22... Qe7 $142 23. Rad1 Qc5 24. Qxe4 Qxa7) 23. c4 Ng5 24. f4 (24. cxd5 $2 {too greedy.} Nf3+ 25. Kg2 Nxd4 $19) 24... Ne4 25. Ra3 h4 26. cxd5 hxg3 27. dxe6+ Ke8 28. Qxe4 {[%emt 0:00:51] Threatening mate with Rc1.} gxh2+ 29. Kxh2 {[%emt 0:00:14] A cool game by Nigmatov.   Weighted Error Value: White=0.05 (flawless) /Black=0.80} 1-0

[Event "3rd Sharjah Challengers 2023"]
[Site "Sharjah"]
[Date "2023.05.23"]
[Round "7.3"]
[White "Ohanyan, Emin"]
[Black "Rios, Cristhian Camilo"]
[Result "1-0"]
[ECO "D38"]
[WhiteElo "2444"]
[BlackElo "2469"]
[Annotator "TA"]
[PlyCount "51"]
[EventDate "2023.05.16"]
[EventType "swiss"]
[EventCountry "UAE"]
[SourceTitle "playchess.com"]
[Source "ChessBase"]
[SourceQuality "1"]
[TimeControl "5400+30"]

1. d4 Nf6 2. c4 e6 3. Nf3 d5 4. Nc3 Bb4 5. Qa4+ Nc6 6. e3 O-O 7. Qc2 {[%emt 0:00:05] D38: Queen's Gambit Declined: Ragozin Defence (4 Nf3 Bb4).} Re8 8. Bd2 Bf8 9. Be2 {[%emt 0:00:06] The position is equal.} Nb4 10. Qb1 dxc4 11. Bxc4 b6 12. a3 Ba6 13. Be2 Bxe2 14. Nxe2 Na6 15. e4 {[%emt 0:00:49][%cal Be3e4,Be4e5][%mdl 32] [#]} c5 $146 ({Predecessor:} 15... h6 16. e5 Nd5 17. h4 c5 18. Qd3 Nb8 19. Rc1 Nc6 20. O-O Nxd4 21. Nexd4 cxd4 22. Qxd4 {½-½ Narayanan,S (2659)-Santos Latasa,J (2675) POR-chT Ovar 2022 (7.2)}) 16. Qd3 {[%emt 0:00:44] e5 would be deadly.} Nc7 (16... Nb8 $5) 17. e5 Nfd5 18. O-O h6 19. Rac1 Qd7 20. g4 Qb5 21. Rc4 $1 Ne7 (21... Qxb2 $2 22. Rb1 Qa2 23. Nc1 $18) 22. Ng3 cxd4 23. g5 {[%emt 0:03:55] Threatens to win with gxh6. Black is weak on the dark squares} (23. Nxd4 Qxe5 24. Nf3 Qd5 $15) (23. Rxd4 Qxd3 24. Rxd3 Ncd5 $11) (23. Qxd4 Rac8 $15) 23... Rec8 $2 (23... h5 $11) 24. gxh6 $18 (24. Nxd4 Qxe5 25. gxh6 Qd5 $15) (24. Rxd4 Qxd3 25. Rxd3 hxg5 26. Bxg5 Ncd5 $15) (24. Qxd4 Ncd5 25. Rxc8 Rxc8 $11) 24... gxh6 {[%emt 0:03:08] [#]} 25. a4 $1 ({Not} 25. Qxd4 Ncd5 26. Rfc1 Rxc4 27. Rxc4 (27. Qxc4 Qxb2 28. Kh1 Ng6 $15) 27... Bg7 $11) (25. Rxd4 Qxd3 26. Rxd3 Ncd5 $11) (25. Nxd4 $6 Qd5 $14) 25... Qxb2 {[%emt 0:03:53] [#]} (25... Qa6 $16) 26. Rc2 $1 {[%emt 0:02:16] Weighted Error Value: White=0.05 (flawless) /Black=0.50} ({Weaker is} 26. Nxd4 Ncd5 27. Nf3 Kh8 $17) ({Stronger than} 26. Qxd4 Qxd4 27. Rxd4 Ncd5 28. Rg4+ Kh8 $17) 1-0

[Event "3rd Sharjah Challengers 2023"]
[Site "Sharjah"]
[Date "2023.05.23"]
[Round "7.4"]
[White "Zaibi, Amir"]
[Black "Begmuratov, Khumoyun"]
[Result "1/2-1/2"]
[ECO "C00"]
[WhiteElo "2393"]
[BlackElo "2387"]
[Annotator "TA"]
[PlyCount "39"]
[EventDate "2023.05.16"]
[EventType "swiss"]
[EventCountry "UAE"]
[SourceTitle "playchess.com"]
[Source "ChessBase"]
[SourceQuality "1"]
[TimeControl "5400+30"]

1. Nf3 Nf6 2. g3 b6 3. Bg2 Bb7 4. O-O e6 5. d3 d5 6. Nbd2 c5 7. e4 Nc6 8. Re1 Be7 9. a3 Qc7 {[%emt 0:00:30] C00: French: Unusual White 2nd moves.} 10. Nf1 {[%emt 0:00:30] 10.Qe2 is becoming the main line.} dxe4 11. dxe4 Rd8 12. Qe2 O-O {[%emt 0:00:30] [#] White did not feel at home in the position after the opening.   Weighted Error Value: White=0.14 (very precise) /Black=0.05 (flawless)} {Predecessor:} 13. e5 $146 Nd7 14. Bf4 Nd4 15. Nxd4 cxd4 16. Bxb7 Qxb7 17. Nd2 Nc5 18. Qg4 Kh8 19. Bg5 Bxg5 20. Qxg5 {0-1 Beeckmans,F (2175)-Jurek,J (2380) Imperia op 38th 1996 (2)} 1/2-1/2

[Event "3rd Sharjah Challengers 2023"]
[Site "Sharjah"]
[Date "2023.05.23"]
[Round "7.5"]
[White "George Micheal, Kevin"]
[Black "Hesham, Abdelrahman"]
[Result "0-1"]
[ECO "E61"]
[WhiteElo "2149"]
[BlackElo "2409"]
[Annotator "TA"]
[PlyCount "100"]
[EventDate "2023.05.16"]
[EventType "swiss"]
[EventCountry "UAE"]
[SourceTitle "playchess.com"]
[Source "ChessBase"]
[SourceQuality "1"]
[TimeControl "5400+30"]

1. d4 Nf6 2. c4 g6 3. g3 Bg7 4. Bg2 O-O 5. Nc3 Nc6 6. e3 $1 {[%emt 0:02:06][%cal Be2e3,Be3e4][%mdl 32] E61: King's Indian: Early deviations for White, including Smyslov System.} e5 7. d5 Nb8 8. Nge2 {[%emt 0:01:54] White is slightly better.} d6 9. O-O a5 10. e4 Na6 11. h3 {[%emt 0:01:52] [#]} (11. Bg5 $14) 11... Nd7 $146 ({Predecessor:} 11... Nh5 12. g4 Nf6 13. Ng3 Nd7 14. Be3 Ndc5 15. Qd2 Nb4 16. Rfd1 Nbd3 17. Nce2 Bd7 {0-1 Tregubov,P (2588)-Artemiev,V (2706) Douglas IoM op 2018 (6)}) 12. Be3 f5 13. exf5 gxf5 14. f4 Nb6 15. b3 e4 16. Bd4 Nc5 17. Bxg7 Kxg7 18. Nd4 Qf6 19. Qd2 Bd7 {[%emt 0:02:10] [#]} (19... Kh8 $11 {keeps the balance.}) 20. Nd1 (20. g4 $1 $16) 20... Kh8 21. Kh2 Rg8 22. Rg1 a4 23. Ne3 axb3 24. axb3 Rxa1 25. Rxa1 Qg7 26. Nf1 Nd3 27. Nc2 h5 28. h4 Qb2 29. Nfe3 (29. Ra7 $1 $14 {might be stronger.}) 29... Kh7 (29... Qg7 $5 30. Nf1 Kh7 $11) 30. Ra3 Nc8 (30... Qg7 $5 31. Nf1 $8 Qb2 $11) 31. b4 (31. Qd1 {is more complex.} Kg6 32. Bf1 Nb4 33. Qa1) 31... Qg7 32. Nf1 Nb6 33. Qc3 Qxc3 34. Rxc3 Ra8 $36 {[%emt 0:00:15][%mdl 2048] Black has some pressure.} 35. Nfe3 Ra2 36. b5 Rb2 37. Kg1 {[%emt 0:01:46] [#] Against Nf2} (37. Bf1 $1 $11) 37... Rb1+ $1 $17 38. Bf1 Rc1 {[%emt 0:00:18] Black is much more active.} 39. Kh2 (39. Rb3 $17) 39... Nb4 $19 40. Bg2 Nxc2 41. Nxc2 (41. Rxc2 Rxc2 {[%mdl 64] Remove Defender} 42. Nxc2 Nxc4 43. Bf1 Bxb5 44. Nd4) 41... Kg6 42. Kh3 Kf6 43. Kh2 {[%emt 0:00:14] [#]} e3 $1 {[%emt 0:00:32][%mdl 512] White must now prevent ...e2.} 44. c5 (44. Bf3 Na4) 44... dxc5 {[%emt 0:00:27] Hoping for ...e2.} 45. Bf3 Na4 46. Rxe3 Rxc2+ 47. Kg1 Rc3 48. Rxc3 Nxc3 49. d6 cxd6 50. b6 d5 {[%emt 0:00:09] Weighted Error Value: White=0.72/Black=0.11 (very precise)} 0-1

[Event "3rd Sharjah Challengers 2023"]
[Site "Sharjah"]
[Date "2023.05.23"]
[Round "7.6"]
[White "Mammadova, Gulnar"]
[Black "Badelka, Olga"]
[Result "1/2-1/2"]
[ECO "B22"]
[WhiteElo "2349"]
[BlackElo "2406"]
[Annotator "TA"]
[PlyCount "31"]
[EventDate "2023.05.16"]
[EventType "swiss"]
[EventCountry "UAE"]
[SourceTitle "playchess.com"]
[Source "ChessBase"]
[SourceQuality "1"]
[TimeControl "5400+30"]

1. e4 c5 2. Nf3 e6 3. c3 d5 4. exd5 Qxd5 5. d4 Nf6 6. Na3 a6 7. Nc4 Nbd7 8. Be2 {[%emt 0:01:14] B22: Sicilian: 2 c3.} b5 {[%emt 0:09:33] is cutting edge theory.} 9. Nce5 {[%emt 0:05:22][%cal Oe5f7] [#] Nxf7! would be deadly.} cxd4 10. Nxd7 {[%emt 0:01:51] The position is equal.} Bxd7 {[%emt 0:00:31] [#]} 11. Qxd4 $146 ({Predecessor:} 11. Nxd4 e5 12. O-O Be7 13. Nf3 Qc5 14. Re1 O-O 15. Bd3 Bg4 16. h3 Bh5 17. Bg5 {0-1 Gu,X (2324)-Wang,J (2380) Yangzhou Basque (Women) rapid 2016 (12)}) 11... Qxd4 12. Nxd4 e5 13. Nf3 Bd6 14. O-O O-O-O {[%emt 0:09:52] [#]} (14... O-O $11 {remains equal.}) 15. a4 $1 $16 Bc6 (15... bxa4 16. Bxa6+) 16. axb5 {[%emt 0:04:17] Weighted Error Value: White=0.07 (flawless) /Black=0.18 (very precise)} 1/2-1/2

[Event "3rd Sharjah Challengers 2023"]
[Site "Sharjah"]
[Date "2023.05.23"]
[Round "7.7"]
[White "Haznedaroglu, Kivanc"]
[Black "Liyanage, Ranindu Dilshan"]
[Result "1/2-1/2"]
[ECO "C81"]
[WhiteElo "2418"]
[BlackElo "2342"]
[Annotator "TA"]
[PlyCount "48"]
[EventDate "2023.05.16"]
[EventType "swiss"]
[EventCountry "UAE"]
[SourceTitle "playchess.com"]
[Source "ChessBase"]
[SourceQuality "1"]
[TimeControl "5400+30"]

1. e4 {[%emt 0:00:03] Atalik,Suat} e5 2. Nf3 Nc6 3. Bb5 a6 4. Ba4 Nf6 5. O-O Nxe4 6. d4 b5 7. Bb3 d5 8. dxe5 Be6 9. Qe2 Be7 10. Rd1 O-O 11. c4 bxc4 12. Bxc4 Bc5 13. Be3 Bxe3 14. Qxe3 Qb8 15. Bb3 Na5 16. Nbd2 Qa7 17. Qxa7 {[%emt 0:03:10] The position is equal.} Rxa7 {[%emt 0:00:07] C81: Open Ruy Lopez: Keres Variation (9 Qe2).} 18. Rac1 c5 19. Nxe4 Nxb3 20. axb3 dxe4 21. Nd2 e3 22. fxe3 Rb7 {[%emt 0:00:08] [#]} 23. Kf2 $146 (23. Rxc5 $2 {is the wrong capture.} Rd7 24. Kf2 Bxb3 25. Nxb3 Rxd1 $19) ({Predecessor:} 23. Ne4 Rxb3 24. Nxc5 Rxe3 25. Nxa6 Rxe5 26. b4 h5 27. Rc5 Rxc5 28. Nxc5 Bc4 29. Rd4 Bb5 30. Rd5 Rb8 31. Rxh5 Bc4 {½-½ Goloshchapov,A (2523)-Atalik,S (2581) Nova Gorica op-A 08th 2003 (3)}) 23... Bxb3 24. Nxb3 Rxb3 {[%emt 0:00:21] A rather calm draw.   Weighted Error Value: White=0.01 (flawless) /Black=0.00 (flawless)} 1/2-1/2